 Dungeon Crawl Stone Soup version 0.30-a0-159-g068b764562 (webtiles) character file.

Game seed: 4554101605734284586

34 squinnward the Slasher (level 3, 0/29 HPs)
             Began as a Demonspawn Berserker on Sept 27, 2022.
             Was a Follower of Trog.
             Slain by Crazy Yiuf
             ... wielding a +4 quarterstaff of chaos
              (7 damage)
             ... on level 2 of the Dungeon.
             The game lasted 00:05:09 (1233 turns).

squinnward the Slasher (Demonspawn Berserker)       Turns: 1233, Time: 00:05:10

Health: 0/29       AC: 15    Str: 19    XL:     3   Next: 14%
Magic:  3/3        EV: 10    Int:  8    God:    Trog [*.....]
Gold:   15         SH:  0    Dex: 12    Spells: 2/2 levels left

rFire   . . .      SeeInvis .    a - +0 falchion
rCold   . . .      Faith    .    (no shield)
rNeg    . . .      Spirit   .    f - +0 scale mail
rPois   .          Reflect  .    (no helmet)
rElec   .          Harm     .    (no cloak)
rCorr   .          Rampage  .    (no gloves)
Will    .....                    (no boots)
Stlth   ..........               (no amulet)
HPRegen 0.09/turn                (no ring)
MPRegen 0.08/turn                (no ring)

@: sanguine armoured
A: sanguine armour 2
a: Renounce Religion, Berserk


You were on level 2 of the Dungeon.
You worshipped Trog.
Trog was aware of your devotion.
You visited 1 branch of the dungeon, and saw 2 of its levels.

You collected 15 gold pieces.

Inventory:

Hand Weapons
 a - a +0 falchion (weapon)
Missiles
 h - 5 poisoned darts (quivered)
Armour
 b - a +0 animal skin
 f - a +0 scale mail (worn)
Scrolls
 c - a scroll of enchant weapon {unknown}
 i - a scroll of immolation {unknown}
Potions
 d - a potion of curing {unknown}
 e - 2 potions of lignification {unknown}
 g - a potion of brilliance {unknown}
 j - a potion of attraction {unknown}


   Skills:
 + Level 3.3 Fighting
 + Level 3.3 Long Blades
 + Level 2.0 Armour
 + Level 1.9 Dodging
 + Level 0.3 Stealth


You had 2 spell levels left.
You didn't know any spells.
Your spell library was empty.

Dungeon Overview and Level Annotations

Branches:
Dungeon (2/15)

Altars:

Annotations:
D:2 Crazy Yiuf


Innate Abilities, Weirdness & Mutations

When seriously injured, your blood forms thick armour. (AC +9)


Message History

Found 9 gold pieces.
You see here a bat corpse.
You now have 15 gold pieces (gained 9).
Really walk into that teleport trap? [Y]es or [N]o only, please.
Really walk into that teleport trap? [Y]es or [N]o only, please.
Really walk into that teleport trap? [Y]es or [N]o only, please.
Really walk into that teleport trap? [Y]es or [N]o only, please.
Really walk into that teleport trap?
You enter a teleport trap!
The teleport trap disappears.
Your surroundings suddenly seem different.
You open the door.
There is an open door here.
You open the door.
Found an escape hatch in the floor.
There is an open door here.
There is an open door here.
Found a hammer.
Found a runed translucent door.
Crazy Yiuf shouts!
Press: ? - help, v - describe, . - travel A runed translucent door.
You open the door.
Crazy Yiuf flaps his cloak.
Crazy Yiuf drinks a potion.
Crazy Yiuf suddenly seems more resistant.
Crazy Yiuf hits you with a +4 quarterstaff of chaos!
Your blood congeals into armour.
You resist with significant effort.
There is an open translucent door, spattered with blood here.
Press: ? - help, v - describe, . - travel
Here: Crazy Yiuf, wielding a +4 quarterstaff of chaos and wearing a +0 cloak (unusually resistant)
The floor.
You barely miss Crazy Yiuf.
Crazy Yiuf hits you with a +4 quarterstaff of chaos.
Space warps around you!
* * * LOW HITPOINT WARNING * * *
Crazy Yiuf hits you with a +4 quarterstaff of chaos!
You die...

####♣♣ ####
##.#..♣♣ ♣♣#..)#
#......♣♣♣♣.@g..#
#.......♣..♣#...#
#.##...♣.♣♣♣ ####
#.###♣♣♣♣♣ #..#
##.# #.# #.#
#####
##.#####...#


You could see Crazy Yiuf (resistant).

Vanquished Creatures
  An adder (D:2)
  A dart slug (D:1)
  4 endoplasms (D:1)
  A giant cockroach (D:1)
  2 goblins (D:1)
  2 hobgoblins (D:1)
  A quokka (D:1)
  3 ball pythons (D:1)
  3 bats
  A kobold (D:1)
  4 rats (D:1)
23 creatures vanquished.

Notes
Turn   | Place    | Note
-------+----------+-------------------------------------------
     0 | D:1      | squinnward the Demonspawn Berserker began the quest for the
                  | Orb.
     0 | D:1      | Reached XP level 1. HP: 18/18 MP: 1/1
   412 | D:1      | Gained mutation: When seriously injured, your blood forms
                  | armour. (AC +9) [demonic ancestry]
   412 | D:1      | Reached XP level 2. HP: 18/24 MP: 2/2
   935 | D:2      | Gained mutation: When seriously injured, your blood forms
                  | thick armour. (AC +9) [demonic ancestry]
   935 | D:2      | Reached XP level 3. HP: 19/29 MP: 3/3
  1227 | D:2      | Found a runed translucent door.
  1228 | D:2      | Noticed Crazy Yiuf
  1233 | D:2      | Slain by Crazy Yiuf

Illustrated notes

Levels and vault maps discovered:
D:1:      saegor_arrival_simple_e, layout_basic, minmay_cut_off
D:2:      layout_basic, uniq_crazy_yiuf_cottage

Skill      XL: |  1  2 |
---------------+-------+-----
Long Blades    | 3 |  3.3
Armour         | 2 |  2.0
Fighting       | |  3.3
Dodging        | |  1.9
Stealth        | |  0.3

Action                   || total
-------------------------++-------
Melee: Falchion          ||    78
Throw: Dart              ||     1
Invok: Berserk           ||     1
Armor: Animal skin       ||    10
       Scale mail        ||    25
Dodge: Dodged            ||    61

Table legend: (Time is in decaauts)
 A = Elapsed time spent in this place.
 B = Non-inter-level travel time spent in this place.
 C = Inter-level travel time spent in this place.
 D = Time resting spent in this place.
 E = Time spent auto-exploring this place.
 F = Levels seen in this place.
 G = Mean time per level.
                   A        B        C        D        E       F      G
               +--------+--------+--------+--------+--------+-----+--------+
         Total |   1256 |   1256 |      0 |    394 |      0 |   2 |  628.0 |
       Dungeon |   1256 |   1256 |      0 |    394 |      0 |   2 |  628.0 |
               +--------+--------+--------+--------+--------+-----+--------+

Top non-repeatable levels by time:
     D:1: 928 daAuts
     D:2: 327 daAuts
